 Dungeon Crawl Stone Soup version 0.30-a0-134-gb40fab5c76 (webtiles) character file.

Game seed: 11475164307136175024

334 funkygono the Magician (level 6, -1/41 HPs)
             Began as a Demonspawn Fire Elementalist on Sept 19, 2022.
             Slain by a wyvern (6 damage)
             ... on level 7 of the Dungeon.
             The game lasted 00:08:15 (3563 turns).

funkygono the Magician (DsFE)                       Turns: 3563, Time: 00:08:15

Health: -1/41      AC:  8    Str: 14    XL:     6   Next: 27%
Magic:  8/12       EV: 12    Int: 19    God:
Gold:   161        SH:  0    Dex: 13    Spells: 2/13 levels left

rFire   + . .      SeeInvis .    f - +0 long sword
rCold   . . .      Faith    .    (no shield)
rNeg    . . .      Spirit   .    s - +1 leather armour {rF+}
rPois   .          Reflect  .    m - +1 hat
rElec   .          Harm     .    i - +0 cloak
rCorr   .          Rampage  .    (no gloves)
Will    .....                    (no boots)
Stlth   ++........               l - amulet of magic regeneration
HPRegen 0.13/turn                g - +6 ring of strength
MPRegen 0.53/turn                (no ring)

@: no status effects
A: slimy green scales 1, weakness stinger 1
a: no special abilities


You were on level 7 of the Dungeon.
You visited 1 branch of the dungeon, and saw 5 of its levels.

You collected 161 gold pieces.

Inventory:

Hand Weapons
 f - a +0 long sword (weapon)
 r - a +0 falchion
Armour
 a - a +0 robe
 i - a +0 cloak (worn)
 m - a +1 hat (worn)
 s - a +1 leather armour of fire resistance (worn)
Jewellery
 g - a +6 ring of strength (left hand)
 l - an amulet of magic regeneration (around neck)
 q - an amulet of the acrobat
Scrolls
 c - a scroll of identify
 j - a scroll of blinking
 k - 2 scrolls of fear
 o - a scroll of acquirement {unknown}
 p - 3 scrolls of teleportation
 t - a scroll of immolation {unknown}
Potions
 b - a potion of magic
 d - 2 potions of cancellation
 e - a potion of invisibility
 h - 5 potions of curing
 n - a potion of haste


   Skills:
 + Level 0.3 Fighting
 + Level 1.5 Long Blades
 + Level 0.3 Armour
 + Level 2.2 Dodging
 - Level 1.7 Stealth
 + Level 4.0 Spellcasting
 + Level 2.0 Conjurations
 + Level 0.7 Transmutations
 + Level 3.7 Fire Magic
 + Level 1.6 Poison Magic


You had 2 spell levels left.
You knew the following spells:

 Your Spells              Type           Power      Damage    Failure   Level
a - Foxfire               Conj/Fire      56%        2x1d6     5%          1
b - Scorch                Fire           36%        2d7       5%          2
c - Kindle Blastsparks    Fire/Tloc/Air  16%        2d11      30%         3
d - Flame Wave            Conj/Fire      14%        2d6       45%         4
j - Sting                 Tmut/Pois      32%        1d4       11%         1

Your spell library contained the following spells:

 Spells                   Type           Power      Damage    Failure   Level
 Poisonous Vapours        Pois/Air       14%        N/A       19%         2
 Inner Flame              Hex/Fire       11%        N/A       24%         3
 Olgreb's Toxic Radiance  Pois           10%        N/A       65%         4


Dungeon Overview and Level Annotations

Branches:
Dungeon (4/15)
 Temple: D:4-7

Altars:
Qazlal


Innate Abilities, Weirdness & Mutations

You are partially covered in slimy green scales. (AC +2)
You have a small tail.


Message History

Casting: Foxfire (safe; 5% risk of failure)
Confirm with . or Enter, or press ? or * to list all spells.
You conjure some foxfire!
Casting: Foxfire (safe; 5% risk of failure)
Confirm with . or Enter, or press ? or * to list all spells.
You conjure some foxfire!
The foxfire hits the wyvern.
The wyvern is lightly wounded.
The foxfire hits the wyvern.
The wyvern is lightly wounded.
The foxfire hits the wyvern.
The wyvern is moderately wounded.
Casting: Foxfire (safe; 5% risk of failure)
Confirm with . or Enter, or press ? or * to list all spells.
Flames lash the wyvern.
The wyvern is heavily wounded.
The wyvern's fire resistance burns away.
Unknown command.
Casting: Scorch (safe; 5% risk of failure)
Confirm with . or Enter, or press ? or * to list all spells.
You conjure some foxfire!
The wyvern bites you but does no damage.
The wyvern bites you!
Casting: Foxfire (safe; 5% risk of failure)
Confirm with . or Enter, or press ? or * to list all spells.
Flames lash the wyvern.
The wyvern is burned terribly!
The wyvern is severely wounded.
The foxfire hits the wyvern but does no damage.
The wyvern is severely wounded.
The foxfire hits the wyvern but does no damage.
The wyvern is severely wounded.
The wyvern closely misses you.
You hit the wyvern.
Your tail-slap misses the wyvern.
The wyvern is severely wounded.
The wyvern bites you. The wyvern bites you!
Casting: Scorch (safe; 5% risk of failure)
Confirm with . or Enter, or press ? or * to list all spells.
You conjure some foxfire!
The wyvern bites you!
* * * LOW HITPOINT WARNING * * *
The wyvern bites you.
You die...

##..#..# #.####.###
##..##...# ###
###.###.# ##.#######
##..## #.# #.........
#.### #.#####.#######
##..##
#..........§v.#
###.###.#####v#####.#
##..##...# #@l......
#.#####..# #v#####.#
##..###..# #.#
###.##..#####.#
##..##.........#
#.#####..#####.#
##..##...#####.# ##
###.#.........#
...#..##...########


You could see a wyvern (combustible, ally target).

Vanquished Creatures
  A bullfrog (D:7)
  2 necrophages
  An iguana (D:4)
  3 adders
  A worm (D:2)
  3 dart slugs
  7 orcs
  4 ball pythons
  5 bats
  6 endoplasms
  4 giant cockroaches
  6 goblins
  13 hobgoblins
  2 jackals (D:3)
  6 kobolds
  4 quokkas
  A frilled lizard (D:3)
  4 rats
73 creatures vanquished.

Vanquished Creatures (others)
  174 foxfires
174 creatures vanquished.

Grand Total: 247 creatures vanquished

Notes
Turn   | Place    | Note
-------+----------+-------------------------------------------
     0 | D:1      | funkygono the Demonspawn Fire Elementalist began the quest
                  | for the Orb.
     0 | D:1      | Reached XP level 1. HP: 13/13 MP: 3/3
   369 | D:1      | Gained mutation: You are partially covered in slimy green
                  | scales. (AC +2) [demonic ancestry]
   369 | D:1      | Reached XP level 2. HP: 5/19 MP: 0/5
   372 | D:1      | Learned a level 2 spell: Scorch
  1099 | D:1      | Gained mutation: You have a small tail. [demonic ancestry]
  1099 | D:1      | Reached XP level 3. HP: 24/24 MP: 4/6
  1101 | D:1      | Learned a level 1 spell: Sting
  1410 | D:1      | Found a faded altar of an unknown god.
  2158 | D:2      | Reached XP level 4. HP: 30/30 MP: 6/8
  2333 | D:2      | Learned a level 3 spell: Kindle Blastsparks
  2644 | D:3      | Found a stormy altar of Qazlal.
  2878 | D:3      | Reached skill level 3 in Spellcasting
  2998 | D:3      | Reached skill level 1 in Poison Magic
  3322 | D:4      | Reached XP level 5. HP: 35/35 MP: 6/9
  3459 | D:4      | You fall into a shaft and drop 3 floors!
  3486 | D:7      | Reached skill level 1 in Long Blades
  3486 | D:7      | Reached XP level 6. HP: 41/41 MP: 11/11
  3523 | D:7      | Reached skill level 4 in Spellcasting
  3541 | D:7      | Noticed a wyvern
  3550 | D:7      | Learned a level 4 spell: Flame Wave
  3563 | D:7      | Slain by a wyvern

Illustrated notes

Levels and vault maps discovered:
D:1:      dpeg_arrival_three_same_balls, layout_loops_ring,
          hellmonk_ecumenical_altar_prayer_group, minivault_14
D:2:      layout_rooms
D:3:      layout_basic, nicolae_qazlal_scattered_showers, grunt_ministairs_14
D:4:      layout_rooms, nzn_hepliaklqana_mist_gate,
          minmay_temple_entry_enclosed_plants, minmay_distorted
D:7:      layout_loops_ring, mainiacjoe_overflow_paths, grunt_decor_resistance

Skill      XL: |  1  2  3  4  5  6 |
---------------+-------------------+-----
Dodging        | 2 |  2.2
Fire Magic     | 3 |  3.7
Spellcasting   | 3 4 |  4.0
Poison Magic   | 1 |  1.6
Long Blades    | 1 |  1.5
Conjurations   | 2 |  2.0
Fighting       | |  0.3
Armour         | |  0.3
Stealth        | |  1.7
Transmutations | |  0.7

Action                   |  1- 3 |  4- 6 || total
-------------------------+-------+-------++-------
Melee: Unarmed           |     7 |       ||     7
       Long sword        |    17 |    21 ||    38
       Punch             |     1 |       ||     1
       Tailslap          |       |     2 ||     2
 Cast: Foxfire           |    49 |    54 ||   103
       Scorch            |     6 |     6 ||    12
       Sting             |    16 |    24 ||    40
  Use: Scroll            |       |    12 ||    12
Armor: Robe              |    19 |     5 ||    24
       Leather armour    |       |     5 ||     5
Dodge: Dodged            |    42 |    22 ||    64

Table legend: (Time is in decaauts)
 A = Elapsed time spent in this place.
 B = Non-inter-level travel time spent in this place.
 C = Inter-level travel time spent in this place.
 D = Time resting spent in this place.
 E = Time spent auto-exploring this place.
 F = Levels seen in this place.
 G = Mean time per level.
                   A        B        C        D        E       F      G
               +--------+--------+--------+--------+--------+-----+--------+
         Total |   3578 |   3524 |     54 |     64 |   2827 |   5 |  715.6 |
       Dungeon |   3578 |   3524 |     54 |     64 |   2827 |   5 |  715.6 |
               +--------+--------+--------+--------+--------+-----+--------+

Top non-repeatable levels by time:
     D:1: 1505 daAuts
     D:3: 880 daAuts
     D:2: 845 daAuts
     D:4: 243 daAuts
     D:7: 104 daAuts
